 Dungeon Crawl Stone Soup version 0.31-a0-164-g2312942fda (webtiles) character file.

Game seed: 598458790754260307

109 qw the Chopper (level 4, -2/28 HPs)
             Began as a Gargoyle Fighter on June 13, 2023.
             Slain by a river rat (8 damage)
             ... in a sewer.
             The game lasted 00:00:58 (1814 turns).

qw the Chopper (Gargoyle Fighter)                   Turns: 1814, Time: 00:00:58

Health: -2/28      AC: 11    Str: 22    XL:     4   Next: 90%
Magic:  4/4        EV:  9    Int:  6    God:
Gold:   151        SH:  4    Dex:  9    Spells: 3/3 levels left

rFire   . . .        Y - +2 war axe
rCold   . . .        c - +0 buckler
rNeg    + . .        b - +0 scale mail
rPois   inf          (no helmet)
rElec   +            (no cloak)
rCorr   .            (no gloves)
SInv    .            (no boots)
Will    .....        (no amulet) Stlth
                     (no ring)
HPRegen 0.24/turn    (no ring)
MPRegen 0.09/turn

%: no passive effects
@: no status effects
A: sickness immunity, AC +3, negative energy resistance 1, electricity
resistance, torment resistance 1, petrification resistance, dopey 1, shaggy fur
1
a: no special abilities


You were in a sewer.
You visited 1 branch of the dungeon, and saw 3 of its levels.
You also visited: Sewer.

You collected 151 gold pieces.


Innate Abilities, Weirdness & Mutations

You are immune to sickness and miasma.
Your stone body is resilient. (AC +3)
You are immune to poison.
You resist negative energy. (rN+)
You are resistant to electric shocks. (rElec)
You are resistant to unholy torment.
You are immune to petrification.
You are dopey. (Int -2)
You are covered in fur. (AC +1)


   Skills:
 - Level 3.2 Fighting
 + Level 4.2 Axes
 - Level 1.0 Throwing
 - Level 3.2 Armour
 - Level 3.2 Shields


You had 3 spell levels left.
You didn't know any spells.
Your spell library was empty.

Inventory:

Hand Weapons
 e - a +0 club
 Y - a +2 war axe (weapon)
Armour
 b - a +0 scale mail (worn)
 c - a +0 buckler (worn)
 k - a +0 cloak
Jewellery
 l - a ring of ice
Scrolls
 a - 4 scrolls of teleportation
 i - 2 scrolls of identify
Potions
 d - a potion of might
 f - a potion of mutation
 g - a potion of lignification {unknown}
 h - a potion of resistance {unknown}
 j - a potion of curing {unknown}
 n - a potion of enlightenment {unknown}

Dungeon Overview and Level Annotations

Branches:
Dungeon (3/15)              Sewer (1/1)

Altars:


Message History

You open the large door. 4 river rats come into view.
You slash the river rat!
The river rat is severely wounded.
You slash the river rat! The river rat bites you.
The river rat barely misses you.
You hit the river rat.
You kill the river rat!
You hit the river rat but do no damage. The river rat barely misses you.
The river rat bites you.
You hit the river rat.
You kill the river rat!
You hit the river rat.
The river rat bites you but does no damage.
You hit the river rat but do no damage.
The river rat is heavily wounded.
You closely miss the river rat. The river rat barely misses you.
The river rat bites you but does no damage.
You closely miss the river rat.
The river rat is heavily wounded.
You hit the river rat but do no damage. The river rat closely misses you.
The river rat bites you! The river rat bites you.
The river rat closely misses you.
You hit the river rat.
The river rat is heavily wounded.
You closely miss the river rat. You block the river rat's attack.
The river rat bites you but does no damage.
You barely miss the river rat.
The river rat is heavily wounded.
You slash the river rat! The river rat bites you.
The river rat barely misses you.
You closely miss the river rat.
The river rat is severely wounded.
You slash the river rat!
You kill the river rat!
The river rat twitches its whiskers.
The river rat bites you. The river rat bites you!
You die...

~~.~~# ~~~~# #~~~# ###### #~~~#
#.... #~~.# +#####r%#####~~~#
.......@..~~~~~~#
..........~.~~~.#
+#####''#####~~~# #!!?.# #~~.#
###### #~~~#
######################~~~#######
~~.~~~.~~~~~~~~~~....~~~~~~~~~~~
~~~~~~~~~~~~~~~~~~~~~~~~~~~~~~~~
~.~~~~~~~.~~~~~.~~.~~.~~~~~~~~~~


You could see a river rat.

Vanquished Creatures
  3 adders
  3 river rats (Sewer)
  A worm (D:3)
  A dart slug (D:2)
  2 endoplasms
  2 giant cockroaches
  7 goblins
  A hobgoblin (D:2)
  6 jackals
  5 quokkas (D:1)
  13 ball pythons
  6 bats
  5 frilled lizards
  A kobold (D:3)
  4 rats
60 creatures vanquished.

Notes
Turn   | Place    | Note
-------+----------+-------------------------------------------
     0 | D:1      | qw the Gargoyle Fighter began the quest for the Orb.
     0 | D:1      | Reached XP level 1. HP: 14/14 MP: 1/1
     0 | D:1      | 0 ||| qw: Version: 0.2-a-29-gc1b59c4
     0 | D:1      | 0 ||| qw: Game counter: 4564
     0 | D:1      | 0 ||| qw: Always use a shield: true
     0 | D:1      | 0 ||| qw: God list: Okawaru
     0 | D:1      | 0 ||| qw: Allow faded altars: false
     0 | D:1      | 0 ||| qw: Do Orc after D:15 true
     0 | D:1      | 0 ||| qw: Do second Lair branch before Depths: true
     0 | D:1      | 0 ||| qw: Lair rune preference: random
     0 | D:1      | 0 ||| qw: Plans: Normal, Zot:1-4, Slime:5, God:TSO, Crypt,
                  | Tomb, Abyss, Pan, Hells, Win
     0 | D:1      | 0 ||| PLANNING D:1-11
    21 | D:1      | Reached skill level 2 in Axes
    59 | D:1      | Reached XP level 2. HP: 19/19 MP: 2/2
   305 | D:1      | 305 ||| Stepping ~*~*~tactically~*~*~ (stealth).
   310 | D:1      | Reached skill level 3 in Axes
   488 | D:1      | Reached XP level 3. HP: 23/23 MP: 3/3
   840 | D:1      | 840 ||| READING 2 scrolls labelled FIAQAKL DYORIE.
   845 | D:1      | 845 ||| READING scroll labelled MEFFISHUEN.
   907 | D:2      | Reached skill level 1 in Throwing
   990 | D:2      | 990 ||| Stepping ~*~*~tactically~*~*~ (stealth).
   992 | D:2      | 992 ||| Stepping ~*~*~tactically~*~*~ (stealth).
  1188 | D:2      | 1188 ||| Stepping ~*~*~tactically~*~*~ (stealth).
  1391 | D:2      | 1391 ||| READING scroll labelled HUNUTZOCK YROL.
  1392 | D:2      | 1392 ||| READING scroll labelled CECARI QUYR.
  1393 | D:2      | 1393 ||| READING scroll labelled XUC YCOCIAMEUTSEWN.
  1418 | D:3      | 1418 ||| PLANNING SEWER
  1450 | D:3      | Reached XP level 4. HP: 26/28 MP: 4/4
  1596 | D:3      | Found a glowing drain.
  1597 | D:3      | 1597 ||| DRINKING 2 glowing white potions.
  1597 | D:3      | Gained mutation: You are dopey. (Int -2) [potion of
                  | mutation]
  1597 | D:3      | Gained mutation: You are covered in fur. (AC +1) [potion of
                  | mutation]
  1602 | D:3      | 1602 ||| Stepping ~*~*~tactically~*~*~ (water).
  1640 | Sewer    | Entered a sewer
  1676 | Sewer    | 1676 ||| Stepping ~*~*~tactically~*~*~ (water).
  1683 | Sewer    | Reached skill level 4 in Axes
  1710 | Sewer    | 1710 ||| READING scroll of enchant weapon.
  1710 | Sewer    | 1710 ||| ENCHANTING +1 war axe.
  1814 | Sewer    | HP: 6/28 [river rat (2)]
  1814 | Sewer    | Slain by a river rat

Levels and vault maps discovered:
D:1:      roderic_chinese_lattice_arrival, layout_basic
D:2:      layout_rooms, minmay_shallow_snake_nest
D:3:      layout_basic, cheibrodos_sewer_entry_drain, dk_vineyard_2,
          dk_noncrumbling_2, st_stairs_3
Sewer:    sewer_fruit_machine

Skill      XL: |  1  2  3  4 |
---------------+-------------+-----
Axes           | 2 3 4 |  4.2
Throwing       | 1 |  1.0
Fighting       | |  3.2
Armour         | |  3.2
Shields        | |  3.2

Action                     |  1- 3 |  4- 6 || total
---------------------------+-------+-------++-------
  Melee: War axe           |    96 |    65 ||   161
  Throw: Javelin           |    19 |     9 ||    28
    Use: Scroll            |     5 |     1 ||     6
         Potion            |       |     1 ||     1
 Armour: Scale mail        |    67 |    38 ||   105
  Dodge: Dodged            |    49 |    38 ||    87
  Block: Buckler           |    17 |    13 ||    30

Table legend:
 A = Non-vault XP
 B = Vault XP
 C = Vault XP percentage of total XP
 D = Non-vault monster count
 E = Vault monster count
 F = Vault count percentage of total count
                 A         B        C        D         E       F
            +---------+---------+-------+---------+---------+-------
      Total |      77 |      94 |  55.0 |      37 |      23 |  38.3
            +---------+---------+-------+---------+---------+-------
        D:1 |      37 |       0 |   0.0 |      22 |       0 |   0.0
        D:2 |      21 |      22 |  51.2 |      12 |       6 |  33.3
        D:3 |      19 |      18 |  48.6 |       3 |       4 |  57.1
      Sewer |       0 |      54 | 100.0 |       0 |      13 | 100.0
            +---------+---------+-------+---------+---------+-------
